 Dungeon Crawl Stone Soup version 0.20.0-8-g6b59dc7 (webtiles) character file.

683740 zeros the Hoplite (level 27, -8/135 HPs)
             Began as a Gargoyle Fighter on May 29, 2017.
             Was the Champion of Makhleb.
             Killed from afar by an orb of fire (28 damage)
             ... with a fireball
             ... on level 5 of the Realm of Zot on May 31, 2017.
             The game lasted 08:17:30 (83013 turns).

zeros the Hoplite (Gargoyle Fighter)               Turns: 83013, Time: 08:17:30

Health: -8/135     AC: 56    Str: 33 (35) XL:     27
Magic:  0/30       EV:  8    Int: 11      God:    Makhleb [******]
Gold:   5264       SH: 24    Dex: 11      Spells: 26/26 levels left

rFire    + + .     SeeInvis +   N - +9 morningstar (freeze)
rCold    + . .     Gourm    .   c - +5 shield
rNeg     + + .     Faith    .   Y - +3 gold dragon scales
rPois    ∞         Spirit   +   C - +1 helmet {SInv}
rElec    +         Reflect  .   J - +1 cloak
rCorr    .         Harm     .   y - +2 pair of gloves {Str+3}
MR       ++...     Rnd*Rage +   F - +1 pair of boots {run}
Stlth    ..........             q - amulet of guardian spirit
Regen    0.0/turn               M - ring "Lighur" {rPois rF+ Str+4}
MPRegen  0.3/turn               Z - ring "Hocvumae" {rN+ Int+2 Dex+3 Slay+2}

@: berserk cooldown, flying, slowed, very slow
A: big wings, berserk 2, blurry vision 2, clumsy 1, deformed body, deterioration
2, dopey 1, frail 3, low mp 2, negative energy resistance 1, screaming 3,
electricity resistance, inhibited regeneration, weak 1, unbreathing,
petrification resistance, no potion heal 1, rot immunity, AC +20
}: 3/15 runes: barnacled, silver, gossamer
a: Stop Flying, Minor Destruction, Lesser Servant of Makhleb, Major Destruction,
Greater Servant of Makhleb, Renounce Religion


You were on level 5 of the Realm of Zot.
You worshipped Makhleb.
Makhleb was exalted by your worship.
You were hungry.

You visited 11 branches of the dungeon, and saw 51 of its levels.
You visited the Abyss 3 times.

You collected 7213 gold pieces.
You spent 1949 gold pieces at shops.

Inventory:

Hand Weapons
 d - a +0 eveningstar of draining
 N - a +9 morningstar of freezing (weapon)
Armour
 c - a +5 shield (worn)
 e - a +0 large shield
 t - a +2 pair of gloves
 y - a +2 pair of gloves of strength (worn)
 C - a +1 helmet of see invisible (worn)
 F - a +1 pair of boots of running (worn)
 J - a +1 cloak (worn)
 Q - +0 storm dragon scales
 Y - +3 gold dragon scales (worn)
Jewellery
 b - an uncursed ring of teleportation
 f - the ring "Gipuuces" {rPois Str+5 Int-4 Dex+4}
   (You took it off a deep elf annihilator on level 3 of the Elven Halls)

   [ring of dexterity]

   It affects your strength (+5).
   It affects your intelligence (-4).
   It affects your dexterity (+4).
   It protects you from poison.
 h - an uncursed ring of protection from fire
 i - an uncursed ring of resist corrosion
 p - the ring "Noim" {Fire rPois MR+ Int+4 SInv}
   (You found it on level 5 of the Vaults)

   [ring of fire]

   It enhances your fire magic.
   It affects your intelligence (+4).
   It protects you from fire.
   It makes you vulnerable to cold.
   It protects you from poison.
   It affects your resistance to hostile enchantments.
   It lets you see invisible.
 q - an amulet of guardian spirit (around neck)
 r - the amulet "Gocaur" {RegenMP rElec rN+ Stlth-}
   (You took it off a deep elf blademaster on level 3 of the Elven Halls)

   [amulet of magic regeneration]

   It increases your magic regeneration.
   It insulates you from electricity.
   It protects you from negative energy.
   It makes you less stealthy.
 v - a +3 ring of dexterity {unknown}
 x - the amulet of Vitality {Regen+ HP+15}
   (You found it on level 2 of the Realm of Zot)

   [amulet of regeneration]

   It affects your health (+15).
   It increases your rate of regeneration.
 M - the ring "Lighur" (left hand) {rPois rF+ Str+4}
   (You took it off a deep elf annihilator on level 3 of the Elven Halls)

   [ring of poison resistance]

   It affects your strength (+4).
   It protects you from fire.
   It protects you from poison.
 R - an uncursed ring of ice
 S - an uncursed amulet of the gourmand
 X - an uncursed ring of positive energy
 Z - the ring "Hocvumae" (right hand) {rN+ Int+2 Dex+3 Slay+2}
   (You found it on level 3 of the Spider Nest)

   [ring of intelligence]

   It affects your intelligence (+2).
   It affects your dexterity (+3).
   It affects your accuracy and damage with ranged weapons and melee attacks
   (+2).
   It protects you from negative energy.
Scrolls
 a - 2 scrolls of amnesia
 g - a scroll of teleportation
 k - 3 scrolls of fog
 l - 28 scrolls of remove curse
 n - 3 scrolls of fear
 o - 2 scrolls of brand weapon
 u - a scroll of blinking
 B - 3 scrolls of enchant weapon
 E - 10 scrolls of magic mapping
Potions
 j - 11 potions of brilliance
 m - 2 potions of heal wounds
 s - 25 potions of curing
 w - 7 potions of invisibility
 z - a potion of might
 D - 2 potions of berserk rage {unknown}
 G - 5 potions of haste
 H - 3 potions of resistance
 L - 6 potions of magic
 O - 2 potions of cancellation {unknown}
 P - 2 potions of agility
Comestibles
 A - 23 meat rations
 I - 12 bread rations
 T - 3 royal jellies


   Skills:
 + Level 25.0 Fighting
   Level 1.7(15.4) Axes
 + Level 24.0 Maces & Flails
 + Level 24.7 Armour
 + Level 25.1 Shields
 - Level 21.1 Invocations


You had 26 spell levels left.
You didn't know any spells.

Dungeon Overview and Level Annotations

Branches:
Dungeon (15/15)            Temple (1/1) D:7            Lair (6/6) D:9
 Shoals (4/4) Lair:3       Spider (4/4) Lair:3        Slime (0/5) Lair:5
    Orc (2/2) D:12            Elf (3/3) Orc:2        Vaults (5/5) D:14
  Crypt (1/3) Vaults:3     Depths (5/5) D:15            Zot (5/5) Depths:5

Altars:
Ashenzari
Cheibriados
Dithmenos
Elyvilon
Fedhas
Gozag
Hepliaklqana
Kikubaaqudgha
Makhleb
Nemelex Xobeh
Okawaru
Qazlal
Ru
Sif Muna
Trog
Uskayaw
Vehumet
Xom
Yredelemnul
Zin
The Shining One
Beogh
Jiyva

Shops:
D:4 (   D:7 :   D:14 %   Orc:1 }   Orc:2 ?!((%   Elf:1 [   Elf:2 ==}
Vaults:1 (:   Vaults:4 ?   Vaults:5 }   Depths:3 (

Portals:
Hell: Depths:1 Depths:2 Depths:3 Depths:4 Depths:5
Abyss: Depths:1 Depths:4
Pandemonium: Orc:2 Depths:3
Ziggurat: Depths:5

Annotations:
Depths:3 6 runed doors


Innate Abilities, Weirdness & Mutations

You are resistant to torment.
Your stone body is resilient. (AC +20)
You are immune to poison.
Your large and strong wings let you fly indefinitely.
You resist negative energy. (rN+)
You are resistant to electric shocks. (rElec)
You can survive without breathing.
You are immune to petrification.
You are immune to rotting.
You often lose your temper in combat.
Scrolls take you longer to read.
You are clumsy. (Dex -2)
Armour fits poorly on your strangely shaped body.
Your body often deteriorates upon taking damage.
You are dopey. (Int -2)
You are extremely frail. (-30% HP)
Your magical capacity is very low. (-20% MP)
You frequently scream uncontrollably at your foes.
You do not regenerate when monsters are visible.
You are weak. (Str -2)
Potions are less effective at restoring your health.


Message History

Your vision blurs.
The white draconian roars!
The yellow draconian knight roars!
Items here: )) [[ ††† You feel a strong urge to attack something.
The white draconian knight mumbles some strange words.
The white draconian knight seems to speed up.
The orb of fire glows yellow.
The fireball explodes!
The fireball engulfs you! You resist.
* * * LOW HITPOINT WARNING * * *
The fireball engulfs the orb of fire.
The orb of fire completely resists.
The purple draconian shifter roars!
Items here: )) [[ ††† You feel your anger subside.
You are no longer berserk.
You are exhausted.
You feel yourself slow down.
You see here a throwing net.
Really read with blurry vision while enemies are nearby?
The orb of fire glows yellow.
The fireball explodes!
The fireball engulfs you! You resist.
You die...

...........## #...............
...........# #...............
...........## #...............
............# #...............
.....^......## #...............
.............###...............
###########..)###..............
##....##....q........
###..@)*..q..dq.....
#▓▓▓▓▓▓▓▓▓▓###.... ... ..


d You could see an orb of fire and 2 draconians.

Vanquished Creatures
  An ancient lich (Zot:5)
  4 orbs of fire
  A juggernaut (Depths:2)
  Boris (Vaults:3)
  Sojobo (Vaults:3)
  Margery (Vaults:3)
  Saint Roka (Depths:1)
  2 curse toes
  The ghost of eXcel the Eclecticist, an adept GrEE of Vehumet (Elf:3)
  Nikola (Vaults:3)
  2 Killer Klowns (Zot:5)
  11 golden dragons
  A pearl dragon (Depths:5)
  Arachne (Spider:4)
  A bone dragon (Abyss:2)
  6 electric golems
  19 tentacled monstrosities
  11 Orb Guardians (Zot:5)
  2 deep elf master archers (Elf:3)
  3 deep elf blademasters
  3 liches
  6 quicksilver dragons
  5 titans
  A kraken (Shoals:4)
  8 sphinxes
  2 tentacled starspawn (Abyss:2)
  7 death cobs
  Kirke (Spider:3)
  23 storm dragons
  13 draconian monks
  8 shadow dragons
  8 tengu reavers
  Ilsuiw (Shoals:4)
  Agnes (Elf:1)
  The ghost of Serafim the Severer, a journeyman MiFi of Okawaru (Elf:2)
  9 frost giants
  10 draconian knights
  10 vault wardens
  A balrug (Zot:2)
  4 iron dragons
  13 fire giants
  9 draconian shifters
  7 deep elf sorcerers
  10 ghost moths
  11 draconian scorchers
  Aizul (Spider:1)
  6 draconian stormcallers
  5 deep elf elementalists
  4 ghouls
  3 spriggan defenders (Depths:4)
  A caustic shrike skeleton (Depths:4)
  6 emperor scorpions
  22 ironheart preservers
  5 war gargoyles
  33 very ugly things
  3 draconian annihilators
  26 stone giants
  An apis (Depths:5)
  An ophan (Depths:5)
  Nessos (D:14)
  13 green draconians
  19 black draconians
  8 entropy weavers
  2 entropy weavers (shapeshifter)
  2 grey draconians (Depths:4)
  A lorocyproca (Depths:3)
  6 deep elf demonologists
  The ghost of newuser the Marksgargoyle, a journeyman GrMo of Okawaru (Lair:6)
  14 purple draconians
  21 white draconians
  Azrael (Elf:1)
  9 spark wasps
  15 deep elf annihilators
  16 red draconians
  16 yellow draconians
  13 ettins
  8 deep elf death magi
  7 merfolk javelineers
  12 merfolk impalers
  2 green deaths
  A crystal guardian (Vaults:3)
  2 jiangshi (Depths:3)
  21 fire dragons
  19 yaktaur captains
  12 great orbs of eyes
  11 ice dragons
  6 deep elf high priests
  Harold (Lair:4)
  38 vault guards
  8 rakshasas
  A catoblepas (Lair:6)
  5 hydras
  5 spriggan air magi
  3 alligator snapping turtles
  11 centaur warriors
  2 peacekeepers (Vaults:4)
  A merfolk aquamancer (Shoals:4)
  Erica (D:8)
  6 merfolk avatars
  17 ogre magi
  28 dancing weapons
  4 satyrs
  A death knight (Vaults:4)
  8 deep troll earth magi
  4 deep troll shamans
  48 two-headed ogres
  A vampire mage (Depths:3)
  3 spriggan berserkers
  4 hell hogs (Abyss:2)
  13 tengu warriors
  14 death yaks
  Urug (Orc:1)
  10 orc high priests (Orc:2)
  36 deep elf knights
  5 thrashing horrors (Abyss:2)
  Nergalle (D:12)
  3 skeletal warriors (D:14)
  4 wretched stars (Abyss:2)
  5 hell knights
  2 shadow wraiths
  7 sea snakes
  2 flayed ghosts
  3 phantasmal warriors
  15 deep trolls
  4 glowing orange brains
  2 torturous demonspawn
  A storm dragon skeleton (Depths:4)
  7 unseen horrors
  5 wizards
  23 deep elf archers
  17 ironbrand convokers
  A lindwurm (Lair:6)
  The ghost of Jannitor the Slicer, a novice KoBe of Trog (D:6)
  10 harpies
  A mana viper (shapeshifter) (Vaults:5)
  13 orc knights
  6 necromancers
  An orb spider (shapeshifter) (Depths:1)
  92 deep elf magi
  A frost giant zombie (Vaults:3)
  49 wolf spiders
  17 orb spiders
  22 fauns
  A human zombie (Vaults:3)
  21 ugly things
  2 salamanders
  A worldbinder (Abyss:2)
  6 orc sorcerers
  20 large abominations
  A shining eye (Abyss:2)
  A faun (shapeshifter) (D:15)
  16 manticores
  A moth of wrath (shapeshifter) (Depths:5)
  A manticore (shapeshifter) (Depths:2)
  12 cyclopes
  3 elephants (Lair:6)
  9 merfolk sirens
  36 moths of wrath
  Maurice (D:10)
  Psyche (D:8)
  8 spiny frogs
  A black mamba (shapeshifter) (Vaults:4)
  7 black mambas
  A torpor snail (Spider:3)
  A water nymph (Shoals:2)
  A molten gargoyle (Depths:3)
  3 orange demons
  An ice statue (D:13)
  9 vault sentinels
  4 smoke demons
  Joseph (D:8)
  A yaktaur zombie (Vaults:3)
  A gargoyle (D:11)
  62 yaktaurs
  A rime drake (Lair:2)
  3 kobold demonologists (D:15)
  An elf skeleton (Depths:4)
  4 freezing wraiths
  10 komodo dragons
  21 demonic crawlers
  A rime drake (shapeshifter) (Vaults:1)
  An efreet (D:14)
  28 starcursed masses (Abyss:2)
  2 ice devils
  A troll (shapeshifter) (Abyss:2)
  8 tengu conjurers
  10 trolls
  27 jumping spiders
  39 merfolk
  2 meliai (Spider:4)
  6 wind drakes
  A red devil (Depths:5)
  A merfolk (shapeshifter) (Depths:4)
  A tengu simulacrum (Vaults:3)
  A queen bee (D:11)
  22 hornets
  3 polar bears
  Grinder (D:3)
  2 meliai (shapeshifter)
  A bog body (Crypt:1)
  32 blink frogs
  A dream sheep (shapeshifter) (Vaults:5)
  24 slime creatures
  8 dream sheep
  18 hippogriffs
  9 snapping turtles
  13 air elementals
  67 redbacks
  17 water elementals
  2 spriggans (Depths:4)
  37 yaks
  5 wraiths
  2 ynoxinuls
  2 spriggans (shapeshifter) (Vaults:4)
  3 shadows
  A vampire (Abyss:2)
  A hog (shapeshifter) (Vaults:4)
  6 wyverns
  35 tarantellas
  2 hogs (Spider:3)
  3 neqoxecs
  5 hungry ghosts
  8 fire elementals
  14 humans
  A fire bat (Depths:3)
  5 basilisks
  2 chaos spawn (Depths:4)
  2 steam dragons
  6 vampire mosquitoes
  Grum (D:8)
  2 wargs
  A soldier ant (shapeshifter) (Depths:2)
  4 acid dragons
  41 orc warriors
  13 water moccasins
  A water moccasin (shapeshifter) (Elf:2)
  3 hell hounds (Elf:1)
  A swamp drake (shapeshifter) (D:13)
  6 porcupines
  4 sky beasts
  A sky beast (shapeshifter) (D:15)
  9 ice beasts
  4 black bears
  2 hornet zombies (D:15)
  A necrophage (Crypt:1)
  44 ogres
  2 eyes of draining
  An eye of draining (shapeshifter) (Depths:4)
  4 phantoms
  18 centaurs
  6 wolves
  8 boggarts
  15 crocodiles
  5 big kobolds
  The ghost of Glost the Caller, an amateur DESu of Hepliaklqana (D:5)
  15 bullfrogs
  An earth elemental (Elf:1)
  4 scorpions
  9 small abominations
  23 killer bees (D:11)
  A killer bee (shapeshifter) (Vaults:5)
  24 wights
  An electric eel (Lair:6)
  6 howler monkeys
  2 bullfrog zombies
  12 crimson imps
  4 centaur zombies
  A quasit (D:7)
  4 iron imps
  8 hounds
  A human simulacrum (Vaults:3)
  9 jellies
  6 bullfrog skeletons
  27 orc priests
  7 centaur skeletons
  10 iguanas
  15 orc wizards
  17 worker ants
  3 hound skeletons
  A hound zombie (D:5)
  A howler monkey zombie (D:11)
  Robin (D:4)
  2 worker ant zombies
  9 adders
  5 gnolls
  5 shadow imps
  2 white imps (D:13)
  5 oozes (Lair:5)
  2 adder skeletons
  2 adder zombies
  4 worms
  A worm (shapeshifter) (Vaults:5)
  2 dart slugs
  4 leopard geckos
  87 orcs
  5 giant cockroaches
  24 goblins
  13 hobgoblins
  14 jackals
  3 quokkas
  8 bats
  4 frilled lizards
  A jackal skeleton (D:4)
  A jackal zombie (D:5)
  13 kobolds
  A kobold zombie (D:5)
  A quokka skeleton (D:7)
  8 rats
  4 crawling corpses
  8 fungi
  32 plants
  A starspawn tentacle (Abyss:2)
  5 tentacles (Shoals:4)
2663 creatures vanquished.

Vanquished Creatures (collateral kills)
  Rupert (D:14)
  A sphinx (Vaults:1)
  A tengu reaver (Vaults:3)
  A very ugly thing (D:13)
  2 stone giants
  2 ettins (D:15)
  A yaktaur captain (D:15)
  A merfolk impaler (Shoals:3)
  Erolcha (D:12)
  5 hydras
  A centaur warrior (Vaults:1)
  A two-headed ogre (D:11)
  A hell knight (Depths:5)
  An infernal demonspawn (Orc:2)
  A wolf spider (Spider:4)
  2 orc knights
  4 harpies (Shoals:3)
  A deep elf mage (Elf:3)
  5 orb spiders
  2 ugly things
  3 fauns
  A cyclops (D:14)
  A merfolk siren (Shoals:1)
  A large abomination (Abyss:2)
  A manticore (D:11)
  A vault sentinel (Vaults:1)
  2 rust devils (Orc:2)
  2 trolls
  A red devil (Orc:2)
  2 merfolk
  A meliai (Spider:4)
  2 jumping spiders (Spider:3)
  A polar bear (D:13)
  A wind drake (Shoals:4)
  A slime creature (D:11)
  A redback (Spider:3)
  A tarantella (Spider:4)
  4 yaks
  2 humans (D:13)
  A water moccasin (Lair:2)
  A porcupine (Lair:2)
  4 orc warriors
  2 sky beasts
  An ice beast (D:13)
  An ogre (D:13)
  4 centaurs
  A big kobold (D:13)
  A crocodile (Lair:3)
  A bullfrog (Lair:2)
  6 killer bees (D:11)
  An orc priest (Orc:2)
  2 orc wizards (D:12)
  A worker ant (D:10)
  A white imp (D:13)
  4 orcs
  A plant (Shoals:4)
  A tentacle (Shoals:4)
98 creatures vanquished.

Vanquished Creatures (others)
  2 fire giants
  An iron dragon (Vaults:5)
  A red draconian (Zot:2)
  A tengu conjurer (Depths:1)
  A hornet (Spider:4)
  A vampire (D:13)
  Eustachio (D:5)
  A fire bat (Depths:3)
  A human (Spider:3)
  An acid dragon (Vaults:2)
  A boggart (Vaults:1)
  3 ogres
  A wight (D:15)
  A quasit (D:5)
  An orc priest (Depths:2)
  A white imp (Abyss:2)
  An orc (D:5)
  A goblin (Depths:4)
  A quokka zombie (D:5)
  A fire vortex (Depths:3)
  11 fungi
  49 plants
  7 starspawn tentacles (Abyss:2)
  35 tentacles (Shoals:4)
125 creatures vanquished.

Grand Total: 2886 creatures vanquished

Notes
Turn   | Place    | Note
-------+----------+-------------------------------------------
     0 | D:1      | zeros the Gargoyle Fighter began the quest for the Orb.
     0 | D:1      | Reached XP level 1. HP: 14/14 MP: 1/1
    10 | D:1      | Noticed an electric eel
   115 | D:1      | Reached XP level 2. HP: 18/19 MP: 2/2
   399 | D:1      | Reached XP level 3. HP: 24/24 MP: 3/3
   985 | D:2      | Found a shattered altar of Ashenzari.
  1067 | D:2      | Reached XP level 4. HP: 23/30 MP: 4/4
  1674 | D:3      | Noticed Grinder
  1752 | D:2      | You fall through a shaft!
  1877 | D:4      | Reached XP level 5. HP: 32/34 MP: 5/5
  1890 | D:4      | Found a white marble altar of Elyvilon.
  1928 | D:4      | Found a stormy altar of Qazlal.
  1928 | D:4      | Found a deep blue altar of Sif Muna.
  1938 | D:4      | Reached skill level 5 in Fighting
  2117 | D:4      | Found Zorghocw's Antique Weapon Shoppe.
  2571 | D:4      | Noticed Robin
  2608 | D:4      | Reached XP level 6. HP: 35/40 MP: 6/6
  2630 | D:4      | Killed Robin
  2815 | D:4      | Found a burning altar of Makhleb.
  2859 | D:4      | Became a worshipper of Makhleb the Destroyer
  3017 | D:5      | Entered Level 5 of the Dungeon
  3174 | D:5      | Reached skill level 5 in Armour
  3271 | D:5      | Reached XP level 7. HP: 47/47 MP: 7/7
  3349 | D:5      | Found a runed door.
  3349 | D:5      | Noticed a human
  3382 | D:5      | Found a basalt altar of Yredelemnul.
  3453 | D:5      | Noticed Glost's ghost (amateur DESu)
  3486 | D:5      | Killed Glost's ghost
  3486 | D:5      | Reached skill level 1 in Maces & Flails
  3486 | D:5      | Reached skill level 5 in Shields
  3527 | D:5      | Cast into level 1 of the Abyss (orc)
  3533 | D:5      | Escaped the Abyss
  3734 | D:5      | Reached * piety under Makhleb
  4177 | D:5      | Noticed Eustachio
  4257 | D:6      | Noticed Jannitor's ghost (novice KoBe)
  4287 | D:5      | Reached XP level 8. HP: 44/53 MP: 8/8
  4487 | D:3      | Paralysed by Grinder for 2 turns
  4492 | D:3      | Killed Grinder
  4979 | D:5      | Killed Eustachio
  5123 | D:5      | Got a pair of slimy boots
  5124 | D:5      | Identified the +1 pair of boots of the Hunter {*Slow rN+ Regen+ Int+5} (You found it on level 5 of the Dungeon)
  5210 | D:6      | Killed Jannitor's ghost
  5357 | D:6      | Reached XP level 9. HP: 60/60 MP: 9/9
  5406 | D:6      | Reached ** piety under Makhleb
  5502 | D:6      | Found a snail-covered altar of Cheibriados.
  5543 | D:6      | Upgraded the game from 0.20.0-7-g3b7b877 to 0.20.0-8-g6b59dc7
  5699 | D:6      | Found a sparkling altar of Nemelex Xobeh.
  5849 | D:6      | Reached skill level 1 in Invocations
  6035 | D:7      | Found Harrozo's Book Shop.
  6100 | D:7      | Found a staircase to the Ecumenical Temple.
  6108 | Temple   | Entered the Ecumenical Temple
  7088 | D:7      | Paralysed by fainting for 7 turns
  7262 | D:8      | Reached XP level 10. HP: 68/68 MP: 12/12
  7347 | D:8      | Reached skill level 10 in Fighting
  7347 | D:8      | Reached skill level 5 in Maces & Flails
  7404 | D:8      | Noticed Joseph
  7404 | D:8      | Noticed Grum
  7470 | D:9      | Reached *** piety under Makhleb
  7636 | D:9      | Found a staircase to the Lair.
  8428 | D:9      | Found a radiant altar of Vehumet.
  8765 | D:10     | Entered Level 10 of the Dungeon
  8933 | D:10     | Reached skill level 5 in Invocations
  8971 | D:10     | Noticed Maurice
  9020 | D:10     | Killed Maurice
  9103 | D:10     | Reached XP level 11. HP: 64/73 MP: 14/14
  9249 | D:10     | Noticed a deep elf mage
  9261 | D:10     | Killed a deep elf mage
  9610 | D:10     | Noticed a two-headed ogre
  9622 | D:10     | Killed a two-headed ogre
  9843 | D:11     | Noticed a cyan ugly thing
  9876 | D:10     | Killed a cyan ugly thing
 10053 | D:11     | Reached **** piety under Makhleb
 10519 | D:11     | Noticed a manticore
 10532 | D:11     | Killed a manticore
 10681 | D:11     | Noticed an orc knight
 10703 | D:11     | Reached skill level 10 in Armour
 10797 | D:11     | Killed an orc knight
 10852 | D:11     | Noticed a cyclops
 11286 | D:11     | Reached ***** piety under Makhleb
 11301 | D:11     | Reached XP level 12. HP: 61/80 MP: 16/16
 11639 | D:11     | Reached skill level 10 in Shields
 11994 | D:12     | Noticed Erolcha
 12012 | D:12     | Killed Erolcha
 12805 | D:12     | Noticed Nergalle
 12886 | D:12     | Killed Nergalle
 13725 | D:11     | Noticed a two-headed ogre
 13746 | D:11     | Killed a two-headed ogre
 14047 | D:12     | Found a staircase to the Orcish Mines.
 14114 | D:13     | Noticed a two-headed ogre
 14122 | D:12     | Killed a two-headed ogre
 14122 | D:12     | Reached skill level 10 in Maces & Flails
 15101 | D:13     | Reached XP level 13. HP: 86/86 MP: 18/18
 15130 | D:13     | Found a white marble altar of Elyvilon.
 15267 | D:13     | Noticed a stone giant
 15345 | D:13     | Killed a stone giant
 15649 | D:13     | Got an uncursed ebony great mace {crush}
 15700 | D:13     | Identified the +4 great mace of the Seeker {crush, +Rage} (You took it off a centaur warrior on level 13 of the Dungeon)
 16105 | D:13     | Noticed a green very ugly thing
 16128 | D:13     | Killed a purple very ugly thing
 17325 | D:14     | Found a gate to the Vaults.
 17325 | D:14     | Noticed Nessos
 17325 | D:14     | Noticed Rupert
 17734 | Lair:1   | Entered Level 1 of the Lair of Beasts
 17889 | Lair:1   | Got a faintly glowing chain mail
 17890 | Lair:1   | Identified the cursed +1 chain mail of Cowardice {rC+} (You found it on level 1 of the Lair of Beasts)
 17990 | Lair:1   | Gained mutation: Your large and strong wings let you fly indefinitely. [Gargoyle growth]
 17990 | Lair:1   | Reached XP level 14. HP: 75/94 MP: 20/20
 20066 | Lair:3   | Found a staircase to the Shoals.
 20694 | Lair:3   | Found an opulent altar of Gozag.
 20705 | Lair:3   | Reached skill level 10 in Invocations
 20753 | Lair:3   | Got a faintly humming ring mail
 20755 | Lair:3   | Identified the +3 ring mail "Uxaco" {rF+++ Int+4 Slay-4} (You found it on level 3 of the Lair of Beasts)
 20951 | Lair:3   | Found a hole to the Spider Nest.
 21677 | Spider:1 | Entered Level 1 of the Spider Nest
 22214 | D:14     | Killed Nessos
 22373 | D:14     | Killed Rupert
 22740 | D:14     | Found Icvir's Food Shoppe.
 23096 | D:14     | Reached XP level 15. HP: 76/100 MP: 22/22
 23527 | D:15     | Entered Level 15 of the Dungeon
 23765 | D:15     | Found a shimmering altar of Xom.
 24027 | D:15     | Found a staircase to the Depths.
 24046 | Depths:1 | Entered Level 1 of the Depths
 24046 | Depths:1 | Noticed a fire giant
 25678 | Lair:4   | Noticed Harold
 25702 | Lair:4   | Killed Harold
 26434 | Lair:5   | Found a runed door.
 26434 | Lair:5   | Found a viscous altar of Jiyva.
 26438 | Lair:5   | Found a staircase to the Slime Pits.
 26987 | Lair:6   | Entered Level 6 of the Lair of Beasts
 27090 | Lair:6   | Noticed newuser's ghost (journeyman GrMo)
 27116 | Lair:6   | Killed newuser's ghost
 27321 | Lair:6   | Reached XP level 16. HP: 107/107 MP: 24/24
 28073 | Lair:6   | Reached skill level 15 in Fighting
 28669 | D:8      | Killed Grum
 28680 | D:8      | Noticed Psyche
 28688 | D:8      | Killed Psyche
 28690 | D:8      | Noticed Erica
 28697 | D:8      | Killed Erica
 28774 | D:8      | Killed Joseph
 29826 | Spider:1 | Reached ****** piety under Makhleb
 30537 | Spider:1 | Noticed Aizul
 30555 | Spider:1 | Killed Aizul
 32791 | Spider:3 | Got a glittering lead ring
 32792 | Spider:3 | Identified the ring "Hocvumae" {rN+ Int+2 Dex+3 Slay+2} (You found it on level 3 of the Spider Nest)
 32879 | Spider:3 | Reached XP level 17. HP: 113/113 MP: 26/26
 33065 | Spider:3 | Noticed Kirke
 33213 | Spider:3 | Killed Kirke
 33213 | Spider:3 | Reached skill level 15 in Shields
 33448 | Spider:4 | Entered Level 4 of the Spider Nest
 33996 | Spider:3 | Reached skill level 15 in Armour
 35051 | Spider:4 | Noticed Arachne
 36733 | Spider:4 | Got an ancient morningstar
 36751 | Spider:4 | Identified the +9 morningstar "Beastslayer" {venom, Stlth+} (You found it on level 4 of the Spider Nest)
 37049 | Spider:4 | Reached XP level 18. HP: 120/120 MP: 28/28
 37318 | Spider:4 | Got a gossamer rune of Zot
 37568 | Spider:4 | Killed Arachne
 38298 | Orc:1    | Entered Level 1 of the Orcish Mines
 38305 | Orc:1    | Noticed Urug
 38315 | Orc:1    | Killed Urug
 38384 | Orc:1    | Found Utrigo's Gadget Shoppe.
 38550 | Orc:2    | Entered Level 2 of the Orcish Mines
 38647 | Orc:2    | Found Hijuokh's Food Boutique.
 38683 | Orc:2    | Bought a meat ration for 50 gold pieces
 38683 | Orc:2    | Bought a bread ration for 50 gold pieces
 38683 | Orc:2    | Bought a bread ration for 50 gold pieces
 38683 | Orc:2    | Bought a meat ration for 50 gold pieces
 38683 | Orc:2    | Bought a bread ration for 50 gold pieces
 38683 | Orc:2    | Bought a bread ration for 50 gold pieces
 38683 | Orc:2    | Bought a bread ration for 50 gold pieces
 38683 | Orc:2    | Bought a bread ration for 50 gold pieces
 38683 | Orc:2    | Bought a bread ration for 50 gold pieces
 38683 | Orc:2    | Bought a bread ration for 50 gold pieces
 38695 | Orc:2    | Found Vinwuq's Antique Weapon Boutique.
 38745 | Orc:2    | Found a runed door.
 38784 | Orc:2    | Found Qealeose's Magic Scroll Shop.
 38802 | Orc:2    | Found Humyecol's Distillery.
 38878 | Orc:2    | Bought a scroll of enchant armour for 127 gold pieces
 38878 | Orc:2    | Bought a scroll of identify for 34 gold pieces
 38878 | Orc:2    | Bought a scroll of teleportation for 51 gold pieces
 38878 | Orc:2    | Bought a scroll of identify for 34 gold pieces
 38881 | Orc:2    | Bought a potion of heal wounds for 75 gold pieces
 38881 | Orc:2    | Bought a potion of might for 60 gold pieces
 38881 | Orc:2    | Bought a potion of heal wounds for 75 gold pieces
 38887 | Orc:2    | Bought a potion of ambrosia for 120 gold pieces
 38887 | Orc:2    | Bought a potion of invisibility for 120 gold pieces
 38907 | Orc:2    | Found a staircase to the Elven Halls.
 39690 | Orc:2    | Found Hautikodgh's Gadget Emporium.
 39690 | Orc:2    | Found Vamay's Antique Weapon Shoppe.
 39691 | Orc:2    | Found a one-way gate leading to the halls of Pandemonium.
 40100 | Orc:2    | Found a roughly hewn altar of Beogh.
 40461 | Shoals:1 | Entered Level 1 of the Shoals
 41100 | Shoals:1 | Reached skill level 15 in Maces & Flails
 42913 | Shoals:3 | Reached XP level 19. HP: 128/128 MP: 30/30
 43732 | Shoals:4 | Entered Level 4 of the Shoals
 43775 | Shoals:4 | Noticed Ilsuiw
 44251 | Shoals:3 | Reached skill level 15 in Invocations
 45652 | Shoals:4 | Killed Ilsuiw
 45683 | Shoals:4 | Got a barnacled rune of Zot
 45704 | Shoals:4 | Identified the Almanac of Lucky Curses
 46877 | Vaults:1 | Entered Level 1 of the Vaults
 47775 | D:14     | Identified a scroll of acquirement
 47829 | D:14     | Reached XP level 20. HP: 136/136 MP: 31/31
 48639 | Elf:1    | Entered Level 1 of the Elven Halls
 49118 | Elf:1    | Noticed Azrael
 49128 | Elf:1    | Killed Azrael
 49231 | Elf:1    | Found a deep blue altar of Sif Muna.
 49895 | Elf:1    | Found Dirup's Antique Armour Boutique.
 50045 | Elf:1    | Bought a runed helmet for 217 gold pieces
 50173 | Elf:1    | Noticed Agnes
 50188 | Elf:1    | Killed Agnes
 50950 | Elf:2    | Found Mosk's Jewellery Emporium.
 50952 | Elf:2    | Found Onwur's Gadget Boutique.
 50968 | Elf:2    | Found Suralec's Jewellery Emporium.
 50982 | Elf:2    | Bought a cursed ring of teleportation for 63 gold pieces
 50982 | Elf:2    | Bought a cursed amulet of guardian spirit for 378 gold pieces
 51206 | Elf:2    | Noticed Serafim's ghost (journeyman MiFi)
 51229 | Elf:2    | Killed Serafim's ghost
 51255 | Elf:2    | Found a runed door.
 51259 | Elf:2    | Found a runed door.
 51788 | Elf:3    | Entered Level 3 of the Elven Halls
 51859 | Elf:2    | Reached XP level 21. HP: 95/142 MP: 26/33
 52098 | Elf:3    | Noticed eXcel's ghost (adept GrEE)
 52156 | Elf:3    | HP: 1/142 [eXcel's ghost/stone arrow (32)]
 52563 | Elf:3    | Killed eXcel's ghost
 52591 | Elf:2    | Cast into level 2 of the Abyss (a deep elf demonologist)
 52717 | Abyss:2  | Gained mutation: Armour fits poorly on your strangely shaped body. [a neqoxec]
 52727 | Abyss:2  | Gained mutation: Your magical capacity is low. (-10% MP) [a neqoxec]
 52847 | Abyss:2  | Gained mutation: You are weak. (Str -2) [a shining eye]
 52953 | Abyss:2  | Found a corrupted altar of Lugonu.
 53066 | Abyss:2  | Noticed a bone dragon
 53095 | Abyss:2  | Killed a bone dragon
 53156 | Elf:2    | Escaped the Abyss
 53367 | Elf:3    | Gained mutation: Your body sometimes deteriorates upon taking damage. [a neqoxec]
 53378 | Elf:3    | Gained mutation: You are dopey. (Int -2) [a neqoxec]
 53525 | Elf:3    | Got a coiled emerald amulet
 53663 | Elf:3    | Identified the amulet "Gocaur" {RegenMP rElec rN+ Stlth-} (You took it off a deep elf blademaster on level 3 of the Elven Halls)
 53664 | Elf:3    | Identified a +0 pair of boots of running (You found it on level 3 of the Elven Halls)
 53797 | Elf:3    | Got a flickering platinum ring
 53799 | Elf:3    | Got a brightly glowing bone ring
 53823 | Elf:3    | Identified the ring "Lighur" {rPois rF+ Str+4} (You took it off a deep elf annihilator on level 3 of the Elven Halls)
 53824 | Elf:3    | Identified the ring "Jamitic" {rPois Str+3 SInv} (You took it off a deep elf annihilator on level 3 of the Elven Halls)
 53862 | Elf:3    | Got a scintillating platinum ring
 55117 | D:15     | Reached XP level 22. HP: 94/149 MP: 19/31
 56294 | Depths:1 | Cast into level 2 of the Abyss (a wizard)
 56475 | Abyss:2  | Found an iron altar of Okawaru.
 56548 | Abyss:2  | Found an iron altar of Okawaru.
 56726 | Depths:1 | Escaped the Abyss
 56777 | Depths:1 | Got a shimmering scale mail
 56782 | Depths:1 | Identified the ring "Gipuuces" {rPois Str+5 Int-4 Dex+4} (You took it off a deep elf annihilator on level 3 of the Elven Halls)
 56854 | Depths:1 | Found a gateway to Hell.
 57267 | Depths:1 | Found a one-way gate to the infinite horrors of the Abyss.
 58042 | Depths:2 | Noticed Saint Roka
 58230 | Depths:1 | Killed Saint Roka
 58299 | Depths:2 | Reached XP level 23. HP: 152/156 MP: 26/32
 59001 | Depths:2 | Noticed a juggernaut
 59043 | Depths:2 | Killed a juggernaut
 59142 | Depths:2 | Noticed a golden dragon
 59266 | Depths:2 | Killed a golden dragon
 59302 | Depths:2 | Identified the cursed +0 scale mail "Kapetuoss" {Int+5} (You found it on level 1 of the Depths)
 60094 | Depths:3 | Found Kahuafis's Antique Weapon Boutique.
 60550 | Depths:3 | Found a runed gate.
 60550 | Depths:3 | Found a runed gate.
 60550 | Depths:3 | Found a runed gate.
 60569 | Depths:3 | Noticed an ancient lich
 60729 | Depths:3 | Found a runed gate.
 60729 | Depths:3 | Found a runed gate.
 60729 | Depths:3 | Found a runed gate.
 61170 | Depths:3 | Paralysed by a Zot trap for 4 turns
 61176 | Depths:3 | Paralysed by a Zot trap for 4 turns
 61269 | Depths:3 | Gained mutation: You are frail. (-10% HP) [a neqoxec]
 61679 | Depths:4 | Found a flickering gateway to a bazaar.
 61729 | Depths:4 | Found a runed door.
 62404 | Depths:4 | Reached XP level 24. HP: 147/147 MP: 32/32
 62971 | Depths:4 | Got a flickering diamond amulet
 63021 | Depths:5 | Entered Level 5 of the Depths
 63511 | Depths:5 | Found a gate to the Realm of Zot.
 63631 | Depths:5 | Identified the amulet of Cocaunt {*Slow +Inv MR- Regen+ Slay+6} (You found it on level 4 of the Depths)
 63637 | Depths:5 | Found a gateway to a ziggurat.
 63882 | Depths:5 | Found a glowing silver altar of Zin.
 63886 | Depths:5 | Found a white marble altar of Elyvilon.
 63886 | Depths:5 | Found a glowing golden altar of the Shining One.
 64736 | Vaults:1 | Found Roetzug's Weapon Shop.
 65366 | Vaults:1 | Found Elaimm's Book Emporium.
 66039 | Vaults:2 | Reached XP level 25. HP: 153/153 MP: 33/33
 66353 | Vaults:2 | Found a flickering gateway to a bazaar.
 67072 | Vaults:2 | You are sucked into a shaft for 2 floors!
 67416 | Vaults:4 | Found a ruined gateway.
 67654 | Vaults:4 | Found Mioris's Magic Scroll Boutique.
 67678 | Vaults:4 | Bought a scroll of identify for 38 gold pieces
 67678 | Vaults:4 | Bought a scroll of teleportation for 57 gold pieces
 68725 | Vaults:5 | Entered Level 5 of the Vaults
 68792 | Vaults:5 | Paralysed by a sphinx for 5 turns
 69025 | Vaults:5 | Identified Suaho's Handbook of the Voyage and Flames
 69278 | Vaults:5 | Reached XP level 26. HP: 161/161 MP: 20/33
 69358 | Vaults:5 | Paralysed by a sphinx for 2 turns
 70227 | Vaults:5 | Found Texi's Gadget Boutique.
 70245 | Vaults:5 | Got a silver rune of Zot
 70436 | Vaults:5 | Got a crude glass ring
 71121 | Vaults:3 | Noticed Sojobo
 71145 | Vaults:3 | Killed Sojobo
 71271 | Vaults:3 | Noticed Nikola
 71283 | Vaults:3 | Killed Nikola
 71365 | Vaults:3 | Found a staircase to the Crypt.
 71365 | Vaults:3 | Found a basalt altar of Yredelemnul.
 71366 | Vaults:3 | Found an ancient bone altar of Kikubaaqudgha.
 71421 | Vaults:3 | Reached XP level 27. HP: 158/165 MP: 26/33
 72005 | Vaults:3 | Noticed Margery
 72069 | Vaults:3 | Killed Margery
 72385 | Vaults:3 | Noticed Boris
 72398 | Vaults:3 | Killed Boris
 72573 | Vaults:3 | Gained mutation: Your body often deteriorates upon taking damage. [a neqoxec]
 72732 | Crypt:1  | Entered Level 1 of the Crypt
 73164 | Zot:1    | Entered Level 1 of the Realm of Zot
 77095 | Zot:3    | Identified the ring "Noim" {Fire rPois MR+ Int+4 SInv} (You found it on level 5 of the Vaults)
 77691 | Zot:3    | Noticed an orb of fire
 77696 | Zot:3    | Gained mutation: You occasionally shout uncontrollably at your foes. [an orb of fire]
 77700 | Zot:2    | Gained mutation: You are very frail. (-20% HP) [an orb of fire]
 77712 | Zot:2    | Killed an orb of fire
 77903 | Zot:3    | Noticed an orb of fire
 78057 | Zot:3    | Killed an orb of fire
 80145 | Zot:5    | Entered Level 5 of the Realm of Zot
 81401 | Zot:5    | Noticed an ancient lich
 81597 | Zot:5    | Noticed an orb of fire
 81597 | Zot:5    | Noticed an orb of fire
 81607 | Zot:5    | Gained mutation: You tend to lose your temper in combat. [an orb of fire]
 81608 | Zot:5    | Noticed an ancient lich
 81614 | Zot:5    | Gained mutation: Potions are less effective at restoring your health. [an orb of fire]
 81625 | Zot:5    | Gained mutation: Scrolls take you a little longer to read. [an orb of fire]
 82189 | Zot:5    | Gained mutation: You sometimes yell uncontrollably at your foes. [an orb of fire]
 82206 | Zot:5    | Gained mutation: You are clumsy. (Dex -2) [an orb of fire]
 82222 | Zot:5    | Gained mutation: You often lose your temper in combat. [an orb of fire]
 82230 | Zot:5    | Gained mutation: You are extremely frail. (-30% HP) [an orb of fire]
 82232 | Zot:5    | Gained mutation: You frequently scream uncontrollably at your foes. [an orb of fire]
 82235 | Zot:5    | Killed an orb of fire
 82613 | Zot:5    | Killed an ancient lich
 82988 | Zot:5    | Noticed an orb of fire
 82990 | Zot:5    | Gained mutation: Your magical capacity is very low. (-20% MP) [an orb of fire]
 82992 | Zot:5    | Gained mutation: You do not regenerate when monsters are visible. [an orb of fire]
 83002 | Zot:5    | Noticed an orb of fire
 83008 | Zot:5    | Killed an orb of fire
 83008 | Zot:5    | Gained mutation: Scrolls take you longer to read. [an orb of fire]
 83013 | Zot:5    | Killed from afar by an orb of fire

Skill      XL: |  1  2  3  4  5  6  7  8  9 10 11 12 13 14 15 16 17 18 19 20 21 22 23 24 25 26 27 |
---------------+----------------------------------------------------------------------------------+-----
Fighting       | 4 5 6 7 8 9 10 11 12 13 14 15 16 17 18 19 20 21 22 25 | 25.0
Armour         | 4 5 6 7 9 10 11 12 13 14 15 16 17 18 19 20 21 24 | 24.7
Shields        | 4 5 6 7 8 9 10 12 13 14 15 16 17 18 19 20 21 22 25 | 25.1
Maces & Flails | 2 3 4 6 8 10 11 12 13 14 15 16 17 18 19 20 21 24 | 24.0
Invocations    | 3 5 7 9 10 11 12 13 14 15 16 17 18 19 20 21 | 21.1
Axes           | |  1.7

Action                   |  1- 3 |  4- 6 |  7- 9 | 10-12 | 13-15 | 16-18 | 19-21 | 22-24 | 25-27 || total
-------------------------+-------+-------+-------+-------+-------+-------+-------+-------+-------++-------
Melee: War axe           |   112 |    92 |       |       |       |       |       |       |       ||   204
       Mace              |       |   196 |   226 |       |       |       |       |       |       ||   422
       Morningstar       |       |       |   311 |  1396 |  2030 |  1955 |  1910 |  1759 |  3662 || 13023
Invok: Lesser Servant of |       |       |       |    19 |    34 |    32 |    23 |     8 |     2 ||   118
       Minor Destruction |       |       |       |       |       |   159 |   124 |     4 |       ||   287
       Greater Servant o |       |       |       |       |       |       |     2 |     1 |     1 ||     4
 Abil: Fly               |       |       |       |       |     1 |       |       |       |     1 ||     2
       Stop Flying       |       |       |       |       |       |       |       |       |     1 ||     1
  Use: Scroll            |     6 |     4 |     8 |     5 |    13 |    21 |    20 |     6 |    21 ||   104
       Potion            |       |       |     2 |       |     3 |     1 |     6 |     1 |    13 ||    26
 Stab: Distracted        |       |       |       |     1 |     6 |     7 |     4 |     1 |     1 ||    20
       Petrified         |       |       |       |       |       |    12 |       |       |       ||    12
       Petrifying        |       |       |       |       |       |     1 |       |       |       ||     1
       Invisible         |       |       |       |       |       |       |       |       |     1 ||     1
       Confused          |       |       |       |       |       |       |       |       |     1 ||     1
  Eat: Bread ration      |     1 |     1 |       |     3 |     2 |       |     1 |     2 |     4 ||    14
       Royal jelly       |       |     1 |     4 |     3 |     2 |       |     9 |     3 |     3 ||    25
       Chunk             |       |       |     6 |     7 |    28 |    28 |    14 |    11 |     7 ||   101
       Fruit             |       |       |     1 |     2 |     8 |    28 |       |     8 |     8 ||    55
       Meat ration       |       |       |     1 |       |     1 |       |     1 |     1 |     3 ||     7
Armor: Scale mail        |    59 |       |       |       |       |       |       |       |       ||    59
       Chain mail        |     9 |   288 |   447 |   856 |       |       |       |       |       ||  1600
       Plate armour      |       |       |       |   316 |  1232 |  1409 |  1363 |   309 |       ||  4629
       Gold dragon scale |       |       |       |       |       |       |       |   659 |  2124 ||  2783
Dodge: Dodged            |    35 |    63 |   128 |   326 |   393 |   507 |   482 |   302 |   674 ||  2910
Block: Shield            |    75 |   232 |   422 |  1228 |  1880 |  2333 |  2260 |  1782 |  3574 || 13786
